Map: Gresvan LE

Players

bmcinstyle

  • Race: Zerg Zerg
  • League: Gold
  • Spawn Location: 11:00

MattBarry - Winner!

  • Race: Zerg Zerg
  • League: Gold
  • Spawn Location: 5:00

VOD

Have the link to the VOD?

Description

Time

  • Played on: Jan. 30, 2023, 9:21 a.m.
  • Length: 5:20
Show
View Real Time Build Order
Export as new Build Order

bmcinstyle Zerg 

Build Orders: Hatch First 

Get SALT Encoding   

  12  0:03  Drone  
  13  0:09  Drone  
  14  0:20  Overlord  
  14  0:39  Drone x2  
  14  0:40  Drone  
  17  0:52  Drone  
  18  1:02  Extractor  
  18  1:03  Drone  
  18  1:04  Hatchery  
  17  1:12  Drone  
  18  1:26  Spawning Pool  
  18  1:28  Drone, Extractor  
  17  1:36  Drone  
  18  1:44  Drone  
  19  1:58  Drone  
  20  2:20  Drone  
  20  2:21  Queen, Hatchery  
  22  2:27  Lair  
  22  2:30  Drone  
  22  2:35  Drone  
  24  2:42  Drone  
  24  2:43  Drone  
  26  2:46  Drone  
  26  2:50  Drone  
  28  2:56  Overlord  
  28  3:25  Spire  
  27  3:28  Queen  
  31  3:39  Spine Crawler  
  28  3:53  Zergling x4  
  28  3:54  Zergling x8  
  34  3:56  Drone, Overlord  
  34  3:57  Overlord  
  32  4:11  Spine Crawler  
  24  4:29  Spine Crawler  
  23  4:31  Spine Crawler  
  23  4:33  Spine Crawler  
  23  4:37  Mutalisk  
  23  4:38  Mutalisk x2  
Show
View Real Time Build Order
Export as new Build Order

MattBarry Zerg - Winner!

Build Orders: Hatch First 

Get SALT Encoding   

  12  0:00  Drone  
  13  0:12  Overlord  
  13  0:18  Drone  
  14  0:30  Drone x2  
  16  0:37  Drone  
  17  0:52  Hatchery  
  17  0:56  Drone  
  17  0:58  Drone  
  17  1:04  Extractor  
  17  1:16  Spawning Pool  
  16  1:19  Drone  
  16  1:22  Drone  
  18  1:29  Overlord  
  18  1:39  Drone  
  19  2:03  Zergling x4  
  19  2:07  Queen  
  19  2:08  Queen  
  25  2:09  Metabolic Boost  
  25  2:15  Drone x2  
  27  2:22  Drone  
  28  2:23  Drone  
  29  2:38  Drone  
  29  2:39  Zergling x4  
  32  2:44  Roach Warren  
  31  2:55  Zergling x4  
  31  2:56  Drone  
  34  3:08  Zergling x4  
  36  3:19  Hatchery  
  35  3:25  Overlord  
  35  3:26  Zergling x2  
  36  3:30  Extractor  
  36  3:33  Evolution Chamber  
  34  3:34  Evolution Chamber  
  34  3:37  Zergling x6  
  36  4:15  Zergling x2  
  36  4:16  Zergling x14  
  43  4:23  Queen  
  43  4:28  Overlord  
  43  4:30  Queen  
  45  4:50  Zergling x18  
  53  4:57  Spore Crawler  
  52  5:02  Spore Crawler  
  49  5:07  Spore Crawler  
Tags
 
League
GoldGold
Matchup
ZvZ
Race
Zerg
Replay Pack
Multiplayer
Spawn Locations
Cross Positions
Add a new tag
Caveats
  • Supply blocks, unpowered buildings, or Contaminate may cause inaccurate times.
  • Supply counts are checked every 10 seconds.